 Dungeon Crawl Stone Soup version 0.23-a0-85-g22930c1 (webtiles) character file.

1961 Dordric the Distorting Orc (level 9, -7/70 HPs)
             Began as a Hill Orc Abyssal Knight on Aug 13, 2018.
             Was a Believer of Lugonu.
             Mangled by an unseen horror (8 damage)
             ... on level 7 of the Dungeon.
             The game lasted 00:14:39 (9938 turns).

Dordric the Distorting Orc (HOAK)                   Turns: 9938, Time: 00:14:40

Health: -7/70      AC:  8    Str: 17    XL:     9   Next: 19%
Magic:  17/17      EV:  7    Int: 12    God:    Lugonu [**....]
Gold:   250        SH:  0    Dex: 11    Spells: 8/8 levels left

rFire    . . .     SeeInvis .   h - +1 whip (freeze)
rCold    . . .     Gourm    .   (no shield)
rNeg     . . .     Faith    .   j - +0 chain mail
rPois    .         Spirit   .   (no helmet)
rElec    .         Reflect  .   (no cloak)
rCorr    .         Harm     .   (no gloves)
MR       .....                  (no boots)
Stlth    ..........             (no amulet)
HPRegen  0.21/turn              (no ring)
MPRegen  0.15/turn              (no ring)

@: no status effects
A: no striking features
a: Depart the Abyss, Bend Space, Renounce Religion


You were on level 7 of the Dungeon.
You worshipped Lugonu.
Lugonu was pleased with you.
You were not hungry.

You visited 1 branch of the dungeon, and saw 7 of its levels.
You visited the Abyss 1 time.

You collected 250 gold pieces.

Inventory:

Hand Weapons
 a - a +1 mace
 h - a +1 whip of freezing (weapon)
 o - a +0 morningstar
Armour
 b - a +0 leather armour
 j - a +0 chain mail (worn)
 t - a +0 scale mail
Jewellery
 e - an uncursed ring of fire
Wands
 w - a wand of disintegration (11)
 A - a wand of acid (4)
Scrolls
 d - 6 scrolls of identify
 i - 2 scrolls of fear
 l - 6 scrolls of blinking
 m - a scroll of immolation {unknown}
 n - 5 scrolls of magic mapping
 p - 2 scrolls of remove curse
 r - a scroll of amnesia {unknown}
 s - 5 scrolls of teleportation {unknown}
 y - a scroll of enchant weapon {unknown}
 C - a scroll of holy word {unknown}
 E - a scroll of summoning {unknown}
Potions
 f - 2 potions of mutation {unknown}
 g - 2 potions of curing
 k - a potion of haste {unknown}
 q - a potion of brilliance {unknown}
 u - a potion of flight {unknown}
 v - a potion of berserk rage {unknown}
 x - a potion of might {unknown}
 z - a potion of degeneration {unknown}
 B - a potion of invisibility {unknown}
 D - a potion of heal wounds {unknown}
Comestibles
 c - 7 rations


   Skills:
 - Level 3.6 Fighting
 + Level 9.3 Maces & Flails
 - Level 2.1 Armour
 - Level 0.7 Dodging
 + Level 10.9 Invocations


You had 8 spell levels left.
You didn't know any spells.
Your spell library was empty.

Dungeon Overview and Level Annotations

Branches:
Dungeon (7/15)             Temple (0/1) D:4

Altars:
Ashenzari
Elyvilon
Fedhas
Makhleb
Qazlal
Uskayaw
Xom
Yredelemnul


Message History

Something hits you.
* * * LOW HITPOINT WARNING * * *
You closely miss something. Something completely misses you.
You closely miss something.
Something hits you but does no damage. x2
You closely miss something. Something hits you.
* * * LOW HITPOINT WARNING * * *
Something completely misses you.
Your chain mail prevents you from hitting something.
Something hits you.
* * * LOW HITPOINT WARNING * * *
You hit something. You freeze something. Something hits you.
* * * LOW HITPOINT WARNING * * *
Something hits you but does no damage.
You feel better. Something hits you!
* * * LOW HITPOINT WARNING * * *
Okay, then.
Something hits you.
* * * LOW HITPOINT WARNING * * *
Something hits you!
You die...

#.# # #.# #### #### #.#
#.> ..# #.# #.#
#.####.#####
..######.#####.##........
.......%.##...........#.#
..######.##.##.##..###..#
#@##.##.##..# #...
#.......##..###..#
##########.#.<....
#.......# ####.....
#...... ##..... ##...#
##.##


There were no monsters in sight!

Vanquished Creatures
  Sigmund (D:4)
  A sky beast (D:4)
  A phantom (D:6)
  2 centaurs
  A bullfrog (D:7)
  A scorpion (D:5)
  3 crimson imps
  3 jellies
  7 hounds
  2 orc priests (D:4)
  2 bullfrog skeletons
  A gnoll shaman (D:5)
  3 iguanas
  2 orc wizards
  4 worker ants
  A killer bee zombie (D:5)
  5 gnolls
  9 adders
  A shadow imp (D:5)
  3 oozes
  An adder zombie (D:6)
  4 worms
  4 dart slugs
  5 leopard geckos
  21 orcs
  6 bats
  4 giant cockroaches
  15 goblins
  9 hobgoblins
  2 jackals (D:5)
  4 quokkas
  5 frilled lizards
  10 kobolds
  2 rats (D:3)
145 creatures vanquished.

Vanquished Creatures (others)
  A hippogriff (D:5)
  An orc warrior (D:7)
  An ice beast (D:4)
  An ogre (D:7)
  An orc priest (D:4)
  2 worker ants (D:4)
  A gnoll (D:4)
8 creatures vanquished.

Grand Total: 153 creatures vanquished

Notes
Turn   | Place    | Note
-------+----------+-------------------------------------------
     0 | Abyss:1  | Dordric the Hill Orc Abyssal Knight began the quest for the Orb.
     0 | Abyss:1  | Reached XP level 1. HP: 19/19 MP: 2/2
    16 | D:1      | Escaped the Abyss
   109 | D:1      | Reached skill level 3 in Invocations
   109 | D:1      | Reached XP level 2. HP: 24/26 MP: 2/4
   557 | D:1      | Reached XP level 3. HP: 23/31 MP: 5/5
   717 | D:1      | Reached ** piety under Lugonu
  1252 | D:2      | Reached skill level 4 in Invocations
  1333 | D:2      | Found a burning altar of Makhleb.
  1432 | D:2      | Reached XP level 4. HP: 39/39 MP: 7/7
  2003 | D:3      | Found a blossoming altar of Fedhas.
  2005 | D:3      | Found a stormy altar of Qazlal.
  2022 | D:3      | Reached XP level 5. HP: 45/45 MP: 8/8
  2074 | D:3      | Reached skill level 5 in Invocations
  2610 | D:4      | Reached *** piety under Lugonu
  2830 | D:4      | Reached XP level 6. HP: 51/51 MP: 10/10
  2844 | D:4      | Reached skill level 5 in Maces & Flails
  2844 | D:4      | Reached skill level 6 in Invocations
  3047 | D:4      | Found a staircase to the Ecumenical Temple.
  3645 | D:4      | Reached XP level 7. HP: 12/57 MP: 12/12
  4191 | D:4      | Noticed Sigmund
  4218 | D:4      | Killed Sigmund
  4218 | D:4      | Reached skill level 7 in Invocations
  4850 | D:5      | Entered Level 5 of the Dungeon
  5474 | D:5      | Reached skill level 8 in Invocations
  5701 | D:5      | Found a shimmering altar of Xom.
  5702 | D:5      | Found a white marble altar of Elyvilon.
  6283 | D:5      | Reached XP level 8. HP: 57/64 MP: 14/14
  6817 | D:5      | Noticed a hippogriff
  6819 | D:5      | Banished a hippogriff
  6819 | D:5      | Reached skill level 9 in Invocations
  7768 | D:6      | Found a shattered altar of Ashenzari.
  8545 | D:6      | Reached skill level 10 in Invocations
  8873 | D:7      | Found a hide-covered altar of Uskayaw.
  9073 | D:7      | Reached XP level 9. HP: 67/70 MP: 16/16
  9075 | D:7      | Found a basalt altar of Yredelemnul.
  9281 | D:6      | HP: 1/70 [hound (4)]
  9937 | D:7      | HP: 1/70 [something (4)]
  9938 | D:7      | Mangled by an unseen horror

Vault maps used:
D:1:      dpeg_arrival_rooms_with_view, serial_glass, glass_columns_a,
          glass_columns_a
D:2:      lemuel_doored_altar
D:3:      grunt_temple_overflow_forces_of_nature
D:4:      kennysheep_the_goblin_king, minmay_temple_entry_trees,
          cheibrodos_gnoll_hut, uniq_sigmund
D:5:      kennysheep_little_box, lemuel_crystal_altar, first_ration
D:6:      old_standard_altar, centaur_isle
D:7:      lemuel_crystal_altar, marbit_many_paths,
          nicolae_overflow_crystal_walls, minmay_crossroads

Skill      XL: |  1  2  3  4  5  6  7  8  9 |
---------------+----------------------------+-----
Invocations    | 3 4 5 6 8 10 | 10.9
Maces & Flails | 3 4 5 7 8 9 |  9.3
Fighting       | |  3.6
Armour         | |  2.1
Dodging        | |  0.7

Action                   |  1- 3 |  4- 6 |  7- 9 || total
-------------------------+-------+-------+-------++-------
Melee: Whip              |   131 |   215 |   473 ||   819
       Mace              |     6 |       |       ||     6
Invok: Banish            |       |     3 |     6 ||     9
       Bend Space        |       |       |     4 ||     4
Evoke: Wand              |       |       |     1 ||     1
  Use: Scroll            |       |     5 |       ||     5
       Potion            |       |     1 |     1 ||     2
  Eat: Chunk             |     2 |     8 |     9 ||    19
       Ration            |       |       |     4 ||     4
Armor: Leather armour    |     7 |       |       ||     7
       Chain mail        |    98 |    27 |   163 ||   288
       Scale mail        |       |    61 |    47 ||   108
Dodge: Dodged            |    51 |    92 |   147 ||   290

Table legend:
 A = Non-vault XP
 B = Vault XP
 C = Vault XP percentage of total XP
 D = Non-vault monster count
 E = Vault monster count
 F = Vault count percentage of total count
 G = Total turns spent on level
                 A         B        C        D         E       F
            +---------+---------+-------+---------+---------+-------
      Total |    2426 |     376 |  13.4 |     139 |      14 |   9.2
            +---------+---------+-------+---------+---------+-------
        D:1 |      40 |       2 |   4.8 |      19 |       2 |   9.5
        D:2 |     110 |       0 |   0.0 |      23 |       0 |   0.0
        D:3 |      79 |       0 |   0.0 |      22 |       0 |   0.0
        D:4 |     584 |     328 |  36.0 |      24 |      11 |  31.4
        D:5 |     628 |       0 |   0.0 |      21 |       0 |   0.0
        D:6 |     347 |       0 |   0.0 |       9 |       0 |   0.0
        D:7 |     638 |      46 |   6.7 |      21 |       1 |   4.5
            +---------+---------+-------+---------+---------+-------
